TOP OF THE 1ST |
Indiana Hounds batting - Pitching for Trenton Stars : RHP Juan Aguilar
|
Pitching: RHP Juan Aguilar
|
|
Batting: RHB Víctor Chávez
|
0-0: Ball 1-0: Ground out 1-3 (Groundball, 15S)
|
Batting: RHB Will Brown
|
0-0: Swinging Strike 0-1: Called Strike 0-2: Ball 1-2: Foul Ball, location: 2F 1-2: Strikes out swinging
|
Batting: RHB Doug Murray
|
0-0: Ball 1-0: Ground out 5-3 (Groundball, 5)
|
Top of the 1st over - 0 run(s), 0 hit(s), 0 error(s), 0 left on base; Indiana 0 - Trenton 0 |
BOTTOM OF THE 1ST |
Trenton Stars batting - Pitching for Indiana Hounds : RHP José Morán
|
Pitching: RHP José Morán
|
|
Batting: LHB Felipe Guerrero
|
0-0: Fly out, F8 (Flyball, 8LD)
|
Batting: RHB Felipe Olivas
|
0-0: Ball 1-0: Called Strike 1-1: Swinging Strike 1-2: Strikes out swinging
|
Batting: RHB Salvador Gonzáles
|
0-0: Ball 1-0: Ground out 5-3 (Groundball, 5)
|
Bottom of the 1st over - 0 run(s), 0 hit(s), 0 error(s), 0 left on base; Indiana 0 - Trenton 0 |
TOP OF THE 2ND |
Indiana Hounds batting - Pitching for Trenton Stars : RHP Juan Aguilar
|
Batting: RHB Barney Lawson
|
0-0: Fly out, F3 (Popup, 3F)
|
Batting: RHB Danny Walker
|
0-0: Ball 1-0: Foul Ball, location: 2F 1-1: Swinging Strike 1-2: Ball 2-2: Foul Ball, location: 2F 2-2: Foul Ball, location: 2F 2-2: Foul Ball, location: 2F 2-2: Ground out 5-3 (Groundball, 56)
|
Batting: RHB António Venecia
|
0-0: Swinging Strike 0-1: Swinging Strike 0-2: Strikes out swinging, 2-3 out at first.
|
Top of the 2nd over - 0 run(s), 0 hit(s), 0 error(s), 0 left on base; Indiana 0 - Trenton 0 |
BOTTOM OF THE 2ND |
Trenton Stars batting - Pitching for Indiana Hounds : RHP José Morán
|
Batting: LHB Jeff Gordon
|
0-0: Ball 1-0: Swinging Strike 1-1: Ground out 4-3 (Groundball, 4)
|
Batting: RHB Clancy Booker
|
0-0: Swinging Strike 0-1: Swinging Strike 0-2: Ball 1-2: Foul Ball, location: 2F 1-2: Ball 2-2: Ball 3-2: Foul Ball, location: 2F 3-2: Base on Balls
|
Batting: LHB Ju-wei Shiu
|
0-0: Called Strike 0-1: Ball 1-1: Ball 2-1: Ball 3-1: Base on Balls Clancy Booker to second
|
Batting: RHB Rafael Canales
|
0-0: Ball 1-0: Fly out, F7 (Popup, 7S)
|
Batting: RHB Jesús Dávila
|
0-0: Called Strike 0-1: Foul Ball, location: 2F 0-2: Fly out, F4 (Popup, 4D)
|
Bottom of the 2nd over - 0 run(s), 0 hit(s), 0 error(s), 2 left on base; Indiana 0 - Trenton 0 |
TOP OF THE 3RD |
Indiana Hounds batting - Pitching for Trenton Stars : RHP Juan Aguilar
|
Batting: LHB Clint Parkinson
|
0-0: Ball 1-0: Foul Ball, location: 2F 1-1: Ball 2-1: Called Strike 2-2: Strikes out swinging
|
Batting: LHB Pepe Vázquez
|
0-0: Ball 1-0: Called Strike 1-1: Foul Ball, location: 2F 1-2: Strikes out swinging
|
Batting: RHB Paco Castillo
|
0-0: Ball 1-0: Ball 2-0: Ground out 5-3 (Groundball, 5)
|
Top of the 3rd over - 0 run(s), 0 hit(s), 0 error(s), 0 left on base; Indiana 0 - Trenton 0 |
BOTTOM OF THE 3RD |
Trenton Stars batting - Pitching for Indiana Hounds : RHP José Morán
|
Batting: SHB Rafael Villa
|
0-0: Called Strike 0-1: Ball 1-1: Ground out 6-3 (Groundball, 6M)
|
Batting: LHB Felipe Guerrero
|
0-0: Called Strike 0-1: Called Strike 0-2: Ball 1-2: Ball 2-2: Strikes out swinging
|
Batting: RHB Felipe Olivas
|
0-0: Ball 1-0: Ground out 5-3 (Groundball, 56)
|
Bottom of the 3rd over - 0 run(s), 0 hit(s), 0 error(s), 0 left on base; Indiana 0 - Trenton 0 |
TOP OF THE 4TH |
Indiana Hounds batting - Pitching for Trenton Stars : RHP Juan Aguilar
|
Batting: RHB Víctor Chávez
|
0-0: Ground out 6-3 (Groundball, 6M)
|
Batting: RHB Will Brown
|
0-0: Foul Ball, location: 2F 0-1: Ball 1-1: SOLO HOME RUN (Line Drive, 7D), Distance : 373 ft
|
Batting: RHB Doug Murray
|
0-0: Ball 1-0: Ground out 5-3 (Groundball, 56)
|
Batting: RHB Barney Lawson
|
0-0: Called Strike 0-1: Foul Ball, location: 2F 0-2: Ball 1-2: SINGLE (Groundball, 5D)
|
Batting: RHB Danny Walker
|
0-0: Ground out 5-3 (Groundball, 56S)
|
Top of the 4th over - 1 run(s), 2 hit(s), 0 error(s), 1 left on base; Indiana 1 - Trenton 0 |
BOTTOM OF THE 4TH |
Trenton Stars batting - Pitching for Indiana Hounds : RHP José Morán
|
Batting: RHB Salvador Gonzáles
|
0-0: Ball 1-0: Foul Ball, location: 2F 1-1: Foul Ball, location: 2F 1-2: Ball 2-2: Foul Ball, location: 2F 2-2: Ball 3-2: SINGLE (Line Drive, 9S)
|
Batting: LHB Jeff Gordon
|
0-0: Ball 1-0: SINGLE (Flyball, 8LS) Salvador Gonzáles to second
|
Batting: RHB Clancy Booker
|
0-0: Ground out 4-3 (Groundball, 13) Salvador Gonzáles to third Jeff Gordon to second
|
Batting: LHB Ju-wei Shiu
|
0-0: Foul Ball, location: 2F 0-1: Ball 1-1: Swinging Strike 1-2: Fly out, F7 (Popup, 6D)
|
Batting: RHB Rafael Canales
|
0-0: Ball 1-0: Called Strike 1-1: Ball 2-1: Called Strike 2-2: Foul Ball, location: 2F 2-2: Ground out 5-3 (Groundball, 56)
|
Bottom of the 4th over - 0 run(s), 2 hit(s), 0 error(s), 2 left on base; Indiana 1 - Trenton 0 |
TOP OF THE 5TH |
Indiana Hounds batting - Pitching for Trenton Stars : RHP Juan Aguilar
|
Batting: RHB António Venecia
|
0-0: Called Strike 0-1: Called Strike 0-2: Reached on Error, E7 (Flyball, 7M)
|
Batting: LHB Clint Parkinson
|
0-0: Foul Ball, location: 2F 0-1: Swinging Strike 0-2: Foul Ball, location: 2F 0-2: Strikes out looking
|
Batting: LHB Pepe Vázquez
|
0-0: Called Strike 0-1: Called Strike 0-2: Ball 1-2: Strikes out swinging
|
Batting: RHB Paco Castillo
|
0-0: Fly out, F7 (Flyball, 7M)
|
Top of the 5th over - 0 run(s), 0 hit(s), 1 error(s), 1 left on base; Indiana 1 - Trenton 0 |
BOTTOM OF THE 5TH |
Trenton Stars batting - Pitching for Indiana Hounds : RHP José Morán
|
Batting: RHB Jesús Dávila
|
0-0: Ball 1-0: SINGLE (Flyball, 7S)
|
Batting: SHB Rafael Villa
|
0-0: Ball 1-0: Ball 2-0: Called Strike 2-1: Fly out, F8 (Flyball, 8LM)
|
Batting: LHB Felipe Guerrero
|
0-0: Ball Jesús Dávila is caught stealing 2nd base 1-0: Ground out 4-3 (Groundball, 34)
|
Bottom of the 5th over - 0 run(s), 1 hit(s), 0 error(s), 0 left on base; Indiana 1 - Trenton 0 |
TOP OF THE 6TH |
Indiana Hounds batting - Pitching for Trenton Stars : RHP Juan Aguilar
|
Batting: RHB Víctor Chávez
|
0-0: Ball 1-0: Called Strike 1-1: Swinging Strike 1-2: Foul Ball, location: 2F 1-2: Strikes out swinging
|
Batting: RHB Will Brown
|
0-0: Fly out, F7 (Line Drive, 7M)
|
Batting: RHB Doug Murray
|
0-0: Ball 1-0: Fly out, F8 (Flyball, 8RXD)
|
Top of the 6th over - 0 run(s), 0 hit(s), 0 error(s), 0 left on base; Indiana 1 - Trenton 0 |
BOTTOM OF THE 6TH |
Trenton Stars batting - Pitching for Indiana Hounds : RHP José Morán
|
Batting: RHB Felipe Olivas
|
0-0: Foul Ball, location: 2F 0-1: Ball 1-1: Ball 2-1: Ball 3-1: Base on Balls
|
Batting: RHB Salvador Gonzáles
|
0-0: Foul Ball, location: 2F 0-1: Ball 1-1: Ball 2-1: Swinging Strike 2-2: Foul Ball, location: 2F 2-2: Ball 3-2: Strikes out swinging
|
Batting: LHB Jeff Gordon
|
0-0: Called Strike 0-1: Ball 1-1: Foul Ball, location: 2F 1-2: Strikes out swinging
|
Batting: RHB Clancy Booker
|
0-0: SINGLE (Groundball, 4MS) Felipe Olivas to second Runner from 2nd tries for 3rd, SAFE, throw made to third Clancy Booker to second
|
Batting: LHB Ju-wei Shiu
|
0-0: Ball 1-0: Foul Ball, location: 2F 1-1: Foul Ball, location: 2F 1-2: Foul Ball, location: 2F 1-2: Strikes out swinging
|
Bottom of the 6th over - 0 run(s), 1 hit(s), 0 error(s), 2 left on base; Indiana 1 - Trenton 0 |
TOP OF THE 7TH |
Indiana Hounds batting - Pitching for Trenton Stars : RHP Juan Aguilar
|
Batting: RHB Barney Lawson
|
0-0: Ball 1-0: Ground out 5-3 (Groundball, 56)
|
Batting: RHB Danny Walker
|
0-0: Called Strike 0-1: Called Strike 0-2: Foul Ball, location: 2F 0-2: Strikes out swinging
|
Batting: RHB António Venecia
|
0-0: Called Strike 0-1: Ball 1-1: Swinging Strike 1-2: Ball 2-2: Ball 3-2: Foul Ball, location: 2F 3-2: Strikes out swinging
|
Top of the 7th over - 0 run(s), 0 hit(s), 0 error(s), 0 left on base; Indiana 1 - Trenton 0 |
BOTTOM OF THE 7TH |
Trenton Stars batting - Pitching for Indiana Hounds : RHP José Morán
|
Batting: RHB Rafael Canales
|
0-0: SINGLE (Flyball, 8LS)
|
Batting: RHB Jesús Dávila
|
0-0: Ball 1-0: Sac Bunt - play at first, batter OUT! 1-4 Rafael Canales to second
|
Batting: SHB Rafael Villa
|
0-0: Ball 1-0: Swinging Strike 1-1: Fly out, F9 (Flyball, 9D) Runner from 2nd tags up, SAFE at 3rd, no throw
|
Pitching: LHP Ian DeMichelis
|
|
Batting: LHB Felipe Guerrero
|
0-0: Ball 1-0: SINGLE (Groundball, 6MD) Rafael Canales scores
|
Pitching: RHP Alvin Heath
|
|
Batting: RHB Felipe Olivas
|
0-0: Called Strike 0-1: Ball 1-1: Fly out, F9 (Flyball, 89S)
|
Bottom of the 7th over - 1 run(s), 2 hit(s), 0 error(s), 1 left on base; Indiana 1 - Trenton 1 |
TOP OF THE 8TH |
Indiana Hounds batting - Pitching for Trenton Stars : RHP Juan Aguilar
|
Batting: LHB Clint Parkinson
|
0-0: Ball 1-0: Called Strike 1-1: Ball 2-1: Foul Ball, location: 2F 2-2: Ground out 6-3 (Groundball, 6)
|
Pinch Hitting: LHB Diego Torres
|
0-0: Called Strike 0-1: Ball 1-1: Ball 2-1: Swinging Strike 2-2: Ball 3-2: Base on Balls
|
Pinch Hitting: RHB Jorge Rodríguez
|
0-0: Called Strike 0-1: Called Strike 0-2: Ball 1-2: SINGLE (Groundball, 5L) Diego Torres to second
|
Batting: RHB Víctor Chávez
|
0-0: Called Strike 0-1: Ball 1-1: Sac Bunt - play at first, batter OUT! 1-4 Diego Torres to third Jorge Rodríguez to second
|
Batting: RHB Will Brown
|
0-0: Foul Ball, location: 2F 0-1: Foul Ball, location: 2F 0-2: Strikes out swinging
|
Top of the 8th over - 0 run(s), 1 hit(s), 0 error(s), 2 left on base; Indiana 1 - Trenton 1 |
BOTTOM OF THE 8TH |
Trenton Stars batting - Pitching for Indiana Hounds : RHP Alvin Heath
|
Pitching: LHP Dennis Taylor
|
|
Now in LF: Jorge Rodríguez
|
|
Now in RF: Diego Torres
|
|
Batting: RHB Salvador Gonzáles
|
0-0: Swinging Strike 0-1: Ball 1-1: Ball 2-1: Swinging Strike 2-2: Ground out 5-3 (Groundball, 5S)
|
Pinch Hitting: RHB Chris Cole
|
0-0: Foul Ball, location: 2F 0-1: Foul Ball, location: 2F 0-2: Hit by Pitch
|
Batting: RHB Clancy Booker
|
0-0: Swinging Strike 0-1: Fly out, F8 (Flyball, 8LXD)
|
Batting: LHB Ju-wei Shiu
|
0-0: SINGLE (Groundball, 6M) Chris Cole to second Runner from 2nd tries for 3rd, SAFE, throw made to third
|
Batting: RHB Rafael Canales
|
0-0: Ball 1-0: Foul Ball, location: 2F 1-1: Foul Ball, location: 2F 1-2: Fly out, F7 (Flyball, 7LM)
|
Bottom of the 8th over - 0 run(s), 1 hit(s), 0 error(s), 2 left on base; Indiana 1 - Trenton 1 |
TOP OF THE 9TH |
Indiana Hounds batting - Pitching for Trenton Stars : RHP Juan Aguilar
|
Pitching: RHP Alfredo Ruíz
|
|
Now in RF: Alonzo Medine
|
|
Pinch Hitting: RHB Marc Ploughman
|
0-0: Ball 1-0: Ball 2-0: Ball 3-0: Base on Balls
|
Batting: RHB Barney Lawson
|
0-0: Ball 1-0: Swinging Strike 1-1: Ground out 5-3 (Groundball, 56S) Marc Ploughman to second
|
Pinch Hitting: LHB Dave Helásquez
|
0-0: Intentional Walk
|
Pinch Runner at 2nd Juan Brito:
|
|
Pinch Hitting: RHB Juan Valverde
|
0-0: Swinging Strike 0-1: Ball 1-1: SINGLE (Groundball, 56D) Juan Brito to third Dave Helásquez to second Runner from 3rd tries for Home, SAFE, no throw or cutoff
|
Pinch Runner at 2nd Don Simpson:
|
|
Batting: LHB Clint Parkinson
|
0-0: Ball 1-0: Swinging Strike 1-1: SINGLE (Line Drive, 89S) Don Simpson to third Juan Valverde to second
|
Batting: LHB Diego Torres
|
0-0: Ball 1-0: Grounds into fielders choice 3-2 (Groundball, 3) Juan Valverde to third Clint Parkinson to second
|
Batting: RHB Jorge Rodríguez
|
0-0: Foul Ball, location: 2F 0-1: Ball 1-1: Fly out, F7 (Flyball, 7D)
|
Top of the 9th over - 1 run(s), 2 hit(s), 0 error(s), 3 left on base; Indiana 2 - Trenton 1 |
|